 Dungeon Crawl Stone Soup version 0.30-a0-737-gf23d94013f (webtiles) character file.

Game seed: 15633040964559014489

453 bande the Chopper (level 7, -1/44 HPs)
             Began as a Gargoyle Fighter on Feb 2, 2023.
             Slain by Dowan
             ... wielding a +4 dagger of flaming
              (2 damage)
             ... on level 4 of the Dungeon.
             The game lasted 00:06:02 (2561 turns).

bande the Chopper (Gargoyle Fighter)                Turns: 2561, Time: 00:06:03

Health: -1/44      AC: 14    Str: 26    XL:     7   Next: 5%
Magic:  7/7        EV:  9    Int:  8    God:
Gold:   182        SH: 10    Dex: 11    Spells: 6/6 levels left

rFire   . . .      SeeInvis .    f - +5 broad axe (flame)
rCold   . . .      Faith    .    c - +0 buckler
rNeg    + . .      Spirit   .    b - +0 scale mail
rPois   ∞          Reflect  +    k - +0 helmet
rElec   +          Harm     .    (no cloak)
rCorr   .          Rampage  .    (no gloves)
Will    .....                    h - +0 pair of boots Stlth
                                 e - amulet of reflection
HPRegen 0.27/turn                i - +6 ring of strength
MPRegen 0.10/turn                (no ring)

@: mighty
A: sickness immunity, AC +4, negative energy resistance 1, electricity
resistance, torment resistance 1, petrification resistance
a: no special abilities


You were on level 4 of the Dungeon.
You visited 1 branch of the dungeon, and saw 4 of its levels.

You collected 182 gold pieces.

Inventory:

Hand Weapons
 a - a +0 war axe
 f - a +5 broad axe of flaming (weapon)
Armour
 b - a +0 scale mail (worn)
 c - a +0 buckler (worn)
 h - a +0 pair of boots (worn)
 k - a +0 helmet (worn)
Jewellery
 e - an amulet of reflection (around neck)
 i - a +6 ring of strength (left hand)
 n - an amulet of the acrobat
Scrolls
 g - 2 scrolls of identify
 l - a scroll of teleportation
 m - a scroll of noise {unknown}
 o - a scroll of fear
 q - a scroll of vulnerability {unknown}
 s - a scroll of enchant armour {unknown}
Potions
 j - a potion of brilliance
 p - a potion of haste
 t - a potion of attraction {unknown}


   Skills:
 + Level 4.4 Fighting
 + Level 4.9 Axes
 + Level 4.6 Armour
 + Level 4.5 Shields


You had 6 spell levels left.
You didn't know any spells.
Your spell library contained the following spells:

 Spells                   Type           Power      Damage    Failure   Level
 Wereblood                Tmut           0%         N/A       88%         2
 Summon Hydra             Summ           0%         N/A       100%        7
 Sublimation of Blood     Necr           Unusable   N/A       N/A         2

Dungeon Overview and Level Annotations

Branches:
Dungeon (4/15)
 Temple: D:4-7

Altars:
Gozag
Xom

Annotations:
D:4 Dowan


Innate Abilities, Weirdness & Mutations

You are immune to sickness and miasma.
Your stone body is resilient. (AC +4)
You are immune to poison.
You resist negative energy. (rN+)
You are resistant to electric shocks. (rElec)
You are resistant to unholy torment.
You are immune to petrification.


Message History

Dowan burns you.
Dowan hits you with a +4 dagger of flaming.
Dowan burns you.
You have reached level 7!
You barely miss Dowan.
Dowan is heavily wounded.
Dowan hits you with a +4 dagger of flaming.
Dowan burns you. Dowan gestures at you while chanting.
The shard of ice hits you.
Dowan hits you with a +4 dagger of flaming.
Dowan burns you.
* * * LOW HITPOINT WARNING * * *
You hit Dowan but do no damage.
Dowan is heavily wounded.
Dowan hits you but does no damage. x2
You hit Dowan. You burn Dowan.
Dowan is heavily wounded.
Dowan barely misses you. Dowan hits you but does no damage.
You closely miss Dowan.
Dowan is heavily wounded.
You block Dowan's attack.
Dowan hits you with a +4 dagger of flaming!
* * * LOW HITPOINT WARNING * * *
Dowan burns you.
* * * LOW HITPOINT WARNING * * *
You barely miss Dowan.
Dowan is heavily wounded.
Dowan says, "How can I live without her?"
Dowan hits you but does no damage. Dowan gestures at you while chanting.
The shard of ice hits you but does no damage.
You feel very mighty all of a sudden. Dowan hits you but does no damage.
You closely miss Dowan.
Dowan is heavily wounded.
Dowan hits you with a +4 dagger of flaming.
* * * LOW HITPOINT WARNING * * *
Dowan burns you.
You die...

#.....#
#.....# ..
####.### .
#.....####.
#.#.###....
#.._..#...#
###.#.#...#
#.....#.e)#
###.###..@#
####.#.?...#
#....#.....#
#...)#.....#
#....#.....#
#....#.....#
#....#.....#
#....#.....#
#....#.....#


You could see Dowan (fast).

Vanquished Creatures
  Duvessa (D:4)
  4 crimson imps (D:3)
  A jelly (D:4)
  Terence (D:1)
  3 gnolls (D:3)
  5 adders (D:2)
  2 worms (D:2)
  3 dart slugs
  9 orcs
  2 endoplasms
  4 giant cockroaches (D:1)
  6 goblins
  9 hobgoblins
  9 kobolds
  2 quokkas (D:1)
  A ball python (D:1)
  3 bats
  3 frilled lizards
  2 rats
70 creatures vanquished.

Vanquished Creatures (others)
  A plant (D:3)
1 creature vanquished.

Grand Total: 71 creatures vanquished

Notes
Turn   | Place    | Note
-------+----------+-------------------------------------------
     0 | D:1      | bande the Gargoyle Fighter began the quest for the Orb.
     0 | D:1      | Reached XP level 1. HP: 14/14 MP: 1/1
   276 | D:1      | Reached XP level 2. HP: 18/19 MP: 2/2
   513 | D:1      | Reached XP level 3. HP: 24/24 MP: 3/3
   760 | D:2      | Noticed Terence
   782 | D:1      | Killed Terence
   893 | D:2      | Reached XP level 4. HP: 29/29 MP: 4/4
  1105 | D:2      | Identified a scroll of acquirement
  1105 | D:2      | Acquired a +5 broad axe of flaming
  1182 | D:2      | Reached XP level 5. HP: 32/33 MP: 5/5
  1694 | D:3      | HP: 1/33 [gnoll/+0 halberd (12)]
  2194 | D:3      | Found a shimmering altar of Xom.
  2218 | D:3      | Reached XP level 6. HP: 38/38 MP: 6/6
  2479 | D:4      | Found an opulent altar of Gozag.
  2546 | D:4      | Noticed Duvessa
  2547 | D:4      | Noticed Dowan
  2554 | D:4      | Killed Duvessa
  2555 | D:4      | Reached XP level 7. HP: 25/44 MP: 7/7
  2561 | D:4      | HP: 1/44 [Dowan/+4 dagger of flaming (6)]
  2561 | D:4      | Slain by Dowan

Illustrated notes

Levels and vault maps discovered:
D:1:      mushboom_english_gardens, layout_basic, minmay_small_reverse_x
D:2:      layout_rooms, uniq_terence
D:3:      layout_basic, led_xom_imps, serial_forest,
          infiniplex_forest_straight_2, infiniplex_forest_straight_4,
          infiniplex_forest_clump_small, infiniplex_forest_straight_3,
          infiniplex_forest_lined_1, infiniplex_forest_zigzag_2,
          infiniplex_forest_lined_2
D:4:      layout_gridville, nicolae_gozag_cash_rules_everything_around_me,
          mainiacjoe_overflow_alcove_4, uniq_robin, uniq_duvessa

Skill      XL: |  1  2  3  4  5 |
---------------+----------------+-----
Axes           | 2 3 4 |  4.9
Fighting       | 4 |  4.4
Shields        | 4 |  4.5
Armour         | 4 |  4.6

Action                     |  1- 3 |  4- 6 |  7- 9 || total
---------------------------+-------+-------+-------++-------
  Melee: War axe           |   101 |    51 |       ||   152
         Broad axe         |       |    87 |     6 ||    93
    Use: Potion            |     1 |     1 |     1 ||     3
         Scroll            |       |    10 |       ||    10
 Armour: Scale mail        |    40 |    66 |     6 ||   112
  Dodge: Dodged            |    49 |    58 |     1 ||   108
  Block: Buckler           |    43 |    75 |     1 ||   119
         Reflection        |       |     2 |       ||     2

Table legend: (Time is in decaauts)
 A = Elapsed time spent in this place.
 B = Non-inter-level travel time spent in this place.
 C = Inter-level travel time spent in this place.
 D = Time resting spent in this place.
 E = Time spent auto-exploring this place.
 F = Levels seen in this place.
 G = Mean time per level.
                   A        B        C        D        E       F      G
               +--------+--------+--------+--------+--------+-----+--------+
         Total |   2667 |   2626 |     41 |    516 |   1481 |   4 |  666.8 |
       Dungeon |   2667 |   2626 |     41 |    516 |   1481 |   4 |  666.8 |
               +--------+--------+--------+--------+--------+-----+--------+

Top non-repeatable levels by time:
     D:3: 1116 daAuts
     D:1: 884 daAuts
     D:2: 506 daAuts
     D:4: 159 daAuts
